 Dungeon Crawl Stone Soup version 0.22.1-1-ga44c0e56f4 (webtiles) character file.

154 Morbidden the Shield-Bearer (level 5, -1/47 HPs)
             Began as a Gnoll Fighter on Oct 28, 2018.
             Was an Initiate of Okawaru.
             Slain by an orc
             ... wielding a +0 club
              (3 damage)
             ... on level 3 of the Dungeon.
             The game lasted 00:01:42 (1131 turns).

Morbidden the Shield-Bearer (Gnoll Fighter)         Turns: 1131, Time: 00:01:42

Health: -1/47      AC:  7    Str: 19    XL:     5   Next: 36%
Magic:  6/7        EV:  8    Int: 10    God:    Okawaru [......]
Gold:   67         SH: 11    Dex: 15    Spells: 6/6 levels left

rFire    . . .     SeeInvis .   a - +0 war axe
rCold    . . .     Gourm    .   c - +0 shield
rNeg     . . .     Faith    .   b - +0 scale mail
rPois    .         Spirit   .   (no helmet)
rElec    .         Reflect  .   (no cloak)
rCorr    .         Harm     .   (no gloves)
MR       .....                  (no boots)
Stlth    ..........             (no amulet)
HPRegen  0.15/turn              (no ring)
MPRegen  0.10/turn              (no ring)

@: no status effects
A: distributed training, fangs 1, strong nose
a: Renounce Religion


You were on level 3 of the Dungeon.
You worshipped Okawaru.
Okawaru was noncommittal.
You were hungry.

You visited 1 branch of the dungeon, and saw 3 of its levels.

You collected 67 gold pieces.

Inventory:

Hand Weapons
 a - a +0 war axe (weapon)
Missiles
 n - 18 stones (quivered)
Armour
 b - a +0 scale mail (worn)
 c - a +0 shield (worn)
Scrolls
 g - 2 scrolls of identify {unknown}
 i - 2 scrolls of remove curse {unknown}
 k - a scroll of enchant armour {unknown}
 l - a scroll of amnesia {unknown}
 m - a scroll of blinking {unknown}
Potions
 d - 3 potions of might
 e - a potion of agility {unknown}
 h - a potion of magic {unknown}
 j - a potion of curing {unknown}
Comestibles
 f - 4 rations


   Skills:
 + Level 6.7 Fighting
 + Level 1.4 Short Blades
 + Level 1.4 Long Blades
 + Level 4.7 Axes
 + Level 1.4 Maces & Flails
 + Level 1.4 Polearms
 + Level 1.4 Staves
 + Level 1.4 Slings
 + Level 1.4 Bows
 + Level 1.4 Crossbows
 + Level 1.4 Throwing
 + Level 6.7 Armour
 + Level 1.4 Dodging
 + Level 1.4 Stealth
 + Level 6.7 Shields
 + Level 1.4 Unarmed Combat
 + Level 1.4 Spellcasting
 + Level 1.1 Conjurations
 + Level 1.1 Hexes
 + Level 1.1 Charms
 + Level 1.1 Summonings
 + Level 1.1 Necromancy
 + Level 1.1 Translocations
 + Level 1.1 Transmutations
 + Level 1.1 Fire Magic
 + Level 1.1 Ice Magic
 + Level 1.1 Air Magic
 + Level 1.1 Earth Magic
 + Level 1.1 Poison Magic
 + Level 1.6 Invocations
 + Level 1.4 Evocations


You had 6 spell levels left.
You didn't know any spells.
Your spell library was empty.

Dungeon Overview and Level Annotations

Branches:
Dungeon (3/15)

Altars:
Okawaru


Innate Abilities, Weirdness & Mutations

Your experience applies equally to all skills.
You have very sharp teeth.
Your uncanny sense of smell can sniff out nearby items.


Message History

You are too injured to fight recklessly!
You are too injured to fight recklessly!
Unknown command.
You barely miss the orc priest.
The orc priest is severely wounded.
The orc priest mumbles some strange prayers to Beogh against you.
Pain shoots through your body!
* * * LOW HITPOINT WARNING * * *
Unknown command.
Unknown command.
Okay, then.
You slice the orc priest!!
You kill the orc priest!
Okawaru accepts your kill. The orc hits you but does no damage.
Unknown command.
You hit the orc.
The orc is heavily wounded.
The orc hits you with a club.
You die...

#.# #.# #. #.# #.#
.# #[# #.###.##
#.# #.##... #.#
#.##..###### ##.##
#.##........
##...###.##)o....#
#.###.##.##@#.#
#.# #.........#
#.###<#########
##...## #####


You could see an orc.

Vanquished Creatures
  2 orc priests (D:3)
  4 adders (D:2)
  An ooze (D:1)
  2 worms (D:2)
  A leopard gecko (D:2)
  An orc (D:3)
  A ball python (D:2)
  3 bats
  4 giant cockroaches
  5 goblins
  5 hobgoblins
  8 jackals
  2 kobolds
  A frilled lizard (D:2)
  6 rats
46 creatures vanquished.

Notes
Turn   | Place    | Note
-------+----------+-------------------------------------------
     0 | D:1      | Morbidden the Gnoll Fighter began the quest for the Orb.
     0 | D:1      | Reached XP level 1. HP: 23/23 MP: 1/1
    58 | D:1      | Reached XP level 2. HP: 29/29 MP: 2/2
   160 | D:1      | Reached XP level 3. HP: 35/35 MP: 3/3
   352 | D:2      | Reached skill level 1 in Invocations
   392 | D:2      | Reached skill level 1 in Short Blades
   392 | D:2      | Reached skill level 1 in Long Blades
   392 | D:2      | Reached skill level 1 in Maces & Flails
   392 | D:2      | Reached skill level 1 in Polearms
   392 | D:2      | Reached skill level 1 in Staves
   392 | D:2      | Reached skill level 1 in Slings
   392 | D:2      | Reached skill level 1 in Bows
   392 | D:2      | Reached skill level 1 in Crossbows
   392 | D:2      | Reached skill level 1 in Throwing
   392 | D:2      | Reached skill level 1 in Dodging
   392 | D:2      | Reached skill level 1 in Stealth
   392 | D:2      | Reached skill level 1 in Unarmed Combat
   392 | D:2      | Reached skill level 1 in Spellcasting
   392 | D:2      | Reached skill level 1 in Evocations
   447 | D:2      | Reached XP level 4. HP: 36/41 MP: 5/5
   758 | D:2      | Found an iron altar of Okawaru.
   774 | D:2      | Became a worshipper of Warmaster Okawaru
  1091 | D:2      | Reached skill level 1 in Conjurations
  1091 | D:2      | Reached skill level 1 in Hexes
  1091 | D:2      | Reached skill level 1 in Charms
  1091 | D:2      | Reached skill level 1 in Summonings
  1091 | D:2      | Reached skill level 1 in Necromancy
  1091 | D:2      | Reached skill level 1 in Translocations
  1091 | D:2      | Reached skill level 1 in Transmutations
  1091 | D:2      | Reached skill level 1 in Fire Magic
  1091 | D:2      | Reached skill level 1 in Ice Magic
  1091 | D:2      | Reached skill level 1 in Air Magic
  1091 | D:2      | Reached skill level 1 in Earth Magic
  1091 | D:2      | Reached skill level 1 in Poison Magic
  1127 | D:3      | Reached XP level 5. HP: 32/47 MP: 6/6
  1129 | D:3      | HP: 2/47 [orc priest/nerve-wracking pain (12)]
  1131 | D:3      | Slain by an orc

Skill      XL: |  1  2  3  4 |
---------------+-------------+-----
Invocations    | 1 |  1.6
Short Blades   | 1 |  1.4
Long Blades    | 1 |  1.4
Maces & Flails | 1 |  1.4
Polearms       | 1 |  1.4
Staves         | 1 |  1.4
Slings         | 1 |  1.4
Bows           | 1 |  1.4
Crossbows      | 1 |  1.4
Throwing       | 1 |  1.4
Dodging        | 1 |  1.4
Stealth        | 1 |  1.4
Unarmed Combat | 1 |  1.4
Spellcasting   | 1 |  1.4
Evocations     | 1 |  1.4
Conjurations   | 1 |  1.1
Hexes          | 1 |  1.1
Charms         | 1 |  1.1
Summonings     | 1 |  1.1
Necromancy     | 1 |  1.1
Translocations | 1 |  1.1
Transmutations | 1 |  1.1
Fire Magic     | 1 |  1.1
Ice Magic      | 1 |  1.1
Air Magic      | 1 |  1.1
Earth Magic    | 1 |  1.1
Poison Magic   | 1 |  1.1
Fighting       | |  6.7
Axes           | |  4.7
Armour         | |  6.7
Shields        | |  6.7

Action                   |  1- 3 |  4- 6 || total
-------------------------+-------+-------++-------
Melee: War axe           |    70 |    44 ||   114
       Bite              |     6 |     6 ||    12
Armor: Scale mail        |    32 |    15 ||    47
Dodge: Dodged            |    15 |    14 ||    29
Block: Shield            |    40 |    25 ||    65
